 Dungeon Crawl Stone Soup version 0.29.1-2-gbd0b4ee654 (webtiles) character file.

Game seed: 13469598789685067475

17089 kingsuperguy the Protected (level 12, -3/108 HPs)
             Began as a Minotaur Berserker on Nov 15, 2022.
             Was an Elder of Trog.
             Killed from afar by Aizul (8 damage)
             ... with a bolt of poison
             ... on level 1 of the Shoals.
             The game lasted 00:58:41 (12275 turns).

kingsuperguy the Protected (Minotaur Berserker)    Turns: 12275, Time: 00:58:41

Health: -3/108     AC: 16    Str: 26    XL:     12   Next: 15%
Magic:  11/11      EV: 15    Int:  4    God:    Trog [****..]
Gold:   959        SH:  0    Dex: 15    Spells: 11/11 levels left

rFire   . . .      SeeInvis .   x - +1 short sword (vamp)
rCold   . . .      Faith    .   (no shield)
rNeg    . . .      Spirit   .   O - +1 ring mail "Ynumuate" {Regen+}
rPois   +          Reflect  .   (helmet restricted)
rElec   .          Harm     .   (no cloak)
rCorr   .          Rampage  .   b - +0 pair of gloves
Will    .....                   f - +0 pair of boots
Stlth   +.........              m - amulet of regeneration
HPRegen 1.88/turn               C - ring "Jidyeg" {rPois Dex+4}
MPRegen 0.12/turn               z - +4 ring of protection

@: lethally poisoned (-3 -> -21), about to teleport, on berserk cooldown,
slowed, very slow
A: horns 2, retaliatory headbutt
a: Renounce Religion, Berserk, Trog's Hand, Brothers in Arms


You were on level 1 of the Shoals.
You worshipped Trog.
Trog was greatly pleased with you.
You visited 3 branches of the dungeon, and saw 12 of its levels.
You also visited: Sewer and Ice Cave.

You collected 959 gold pieces.

Inventory:

Hand Weapons
 n - a +0 great sword
 w - a +2 short sword of venom
 x - a +1 vampiric short sword (weapon)
 G - a +0 hand axe of freezing
 I - a +2 whip of distortion
 K - a +2 short sword of draining
 L - a +2 whip of electrocution
 S - a +1 dagger of distortion
 U - a +0 war axe
Missiles
 g - 82 stones (quivered)
 s - 23 poisoned darts
 Q - 7 curare-tipped darts
Armour
 b - a +0 pair of gloves (worn)
 f - a +0 pair of boots (worn)
 E - a +1 kite shield of cold resistance
 F - a +0 robe of fire resistance
 O - the +1 ring mail "Ynumuate" (worn) {Regen+}
   (You found it on level 1 of the Lair of Beasts)

   Regen:     It increases your rate of health regeneration.
 X - a +2 chain mail of cold resistance
Jewellery
 j - the ring "Anket" {Fire rElec Int+4}
   (You found it in an ice cave)

   [ring of fire]

   It enhances your fire magic.
   Int:       It affects your intelligence (+4).
   rF:        It protects you from fire.
   rC:        It makes you vulnerable to cold.
   rElec:     It insulates you from electricity.
 m - an amulet of regeneration (around neck)
 q - a ring of willpower
 t - a ring of ice
 z - a +4 ring of protection (right hand)
 A - a ring of fire
 B - an amulet of reflection
 C - the ring "Jidyeg" (left hand) {rPois Dex+4}
   (You found it in an ice cave)

   [ring of poison resistance]

   Dex:       It affects your dexterity (+4).
   rPois:     It protects you from poison.
 M - a ring of positive energy
Wands
 a - a wand of polymorph (7)
 o - a wand of mindburst (3)
 p - a wand of roots (2)
 R - a wand of flame (17)
Scrolls
 h - 2 scrolls of magic mapping
 v - 4 scrolls of poison
 y - 2 scrolls of torment
 D - 2 scrolls of brand weapon
 J - 2 scrolls of enchant armour
 P - 2 scrolls of teleportation
 T - 2 scrolls of noise
 W - 2 scrolls of vulnerability
 Z - a scroll of amnesia
Potions
 c - a potion of cancellation {unknown}
 d - a potion of degeneration {unknown}
 e - 5 potions of lignification
 i - 4 potions of might
 k - a potion of flight
 l - 4 potions of mutation
 r - 2 potions of haste
 u - a potion of invisibility
 H - a potion of magic
 N - 3 potions of curing
 V - a potion of ambrosia


   Skills:
 + Level 10.9 Fighting
 + Level 11.7 Short Blades
 + Level 6.2 Axes
 + Level 3.8 Throwing
 + Level 13.1 Armour
 + Level 7.6 Dodging
 + Level 2.3 Stealth
 + Level 2.6 Evocations


You had 11 spell levels left.
You didn't know any spells.
Your spell library contained the following spells:

 Spells                   Type           Power      Damage    Failure   Level
 Gell's Gravitas          Tloc           0%         N/A       92%         3
 Lesser Beckoning         Tloc           0%         N/A       92%         3
 Teleport Other           Tloc           0%         N/A       92%         3


Dungeon Overview and Level Annotations

Branches:
Dungeon (8/15)             Temple (0/1) D:6            Lair (3/5) D:8
 Shoals (1/4) Lair:3        Sewer (visited)           IceCv (visited)
  Snake: Lair:2-3    Spider: Lair:2-3

Altars:
Elyvilon
Gozag
Makhleb
Qazlal
Ru
Trog
The Shining One

Annotations:
D:8 1 runed translucent door, Smersh616's ghost, novice GnWn
Shoals:1 Aizul


Innate Abilities, Weirdness & Mutations

You have a pair of horns on your head.
You reflexively headbutt those who attack you in melee.


Message History

You feel sick.
The water nymph gestures at you while chanting.
The water swirls and strikes you!!
You are no longer berserk.
You are exhausted.
You feel yourself slow down.
You feel sick. Aizul casts a spell at you.
You barely resist. Aizul casts a spell at you.
You fall asleep.
You feel sick. The water nymph touches you!
You wake up.
The water nymph drowns you!
As you read the scroll of teleportation, it crumbles to dust.
You feel strangely unstable.
You feel sick. Aizul casts a spell at you. The poison arrow hits you!
You are more poisoned.
You partially resist.
* * * LOW HITPOINT WARNING * * *
Aizul hits you!
* * * LOW HITPOINT WARNING * * *
The water nymph misses you.
Okay, then.
As you read the scroll of fear, it crumbles to dust.
You assume a fearsome visage.
Aizul easily resists.
The water nymph resists with almost no effort.
The wind drake looks frightened!
You feel very sick. Aizul hits you but does no damage.
Aizul says, "Everybody has to sleep sometimes."
Aizul closely misses you. The water nymph misses you. You furiously retaliate!
You headbutt the water nymph.
Splash!
You fall into the shallow water.
Moving in this stuff is going to be slow.
Aizul casts a spell at you. The bolt of poison hits you!
You are lethally poisoned!
You resist.
You die...

P........≈≈≈≈~
.~~~~~~~≈≈≈~~~~~
~~~~~~~~~~~~~~~~
##.~~~≈≈~~~~~~~~
.##..~~~≈≈~~~~~~~≈
....~~~≈≈≈≈~~~~.~~
....~~~~~~~~~~≈≈≈~
....~~.~~S~..~≈≈≈~
....~.k~~m@~~~≈≈≈.
.###....###.~~≈≈~~
#.....# .$#.##.
###.... .## #
#..~. .# ...~. ..
...~!~~ .. ~~~~.~
~~


You could see Aizul, a wind drake (repels missiles, fleeing) and a water nymph.

Vanquished Creatures
  A white draconian (IceCv)
  A two-headed ogre (D:6)
  Sonja (Lair:2)
  6 elephants (Lair:3)
  2 ice statues (IceCv)
  3 black mambas
  2 cane toads (Lair:2)
  4 komodo dragons
  4 rime drakes (IceCv)
  A polar bear (Lair:1)
  Grinder (D:5)
  Sigmund (D:3)
  3 wyverns
  13 yaks
  2 steam dragons
  The ghost of amavritansky the Chopper, an amateur PaFi (D:4)
  Menkaure (D:5)
  14 water moccasins
  A black bear (D:5)
  3 ice beasts
  An orc warrior (D:7)
  4 ogres
  6 wolves (Lair:1)
  2 centaurs (Lair:3)
  3 kobold brigands
  2 phantoms
  Blork the orc (D:4)
  8 bullfrogs
  3 scorpions
  4 killer bees (D:8)
  6 lindwurm simulacra (IceCv)
  An electric eel (Lair:3)
  2 howler monkeys
  3 jellies
  5 komodo dragon simulacra (IceCv)
  2 hounds (D:4)
  Crazy Yiuf (D:3)
  3 orc priests
  A gnoll bouda (D:8)
  4 iguanas
  Jessica (D:3)
  2 orc wizards
  Natasha (thrice) (D:2)
  Robin (D:3)
  5 acid dragon simulacra (IceCv)
  8 gnolls
  6 adders
  A shadow imp (D:7)
  3 white imps (D:6)
  5 steam dragon simulacra (IceCv)
  A dart slug (D:5)
  14 orcs
  6 endoplasms
  8 giant cockroaches
  15 goblins
  12 hobgoblins
  7 jackals
  29 kobolds
  6 quokkas
  12 ball pythons
  6 bats
  7 rats
285 creatures vanquished.

Vanquished Creatures (others)
  A goblin (D:4)
  15 fungi
  31 plants
47 creatures vanquished.

Grand Total: 332 creatures vanquished

Notes
Turn   | Place    | Note
-------+----------+-------------------------------------------
     0 | D:1      | kingsuperguy the Minotaur Berserker began the quest for the
                  | Orb.
     0 | D:1      | Reached XP level 1. HP: 19/19 MP: 0/0
   265 | D:1      | Reached XP level 2. HP: 27/27 MP: 1/1
   741 | D:2      | Noticed Natasha
   748 | D:2      | Killed Natasha
   749 | D:2      | Reached XP level 3. HP: 31/34 MP: 2/2
  1168 | D:2      | Noticed Natasha
  1173 | D:2      | Reached XP level 4. HP: 41/41 MP: 3/3
  1177 | D:2      | Killed Natasha
  1277 | D:2      | Noticed Natasha
  1286 | D:2      | Killed Natasha
  1287 | D:2      | Reached skill level 5 in Fighting
  1287 | D:2      | Reached skill level 5 in Axes
  1675 | D:3      | Noticed Sigmund
  1681 | D:3      | Reached XP level 5. HP: 48/48 MP: 4/4
  1689 | D:3      | Killed Sigmund
  1690 | D:3      | Reached skill level 1 in Short Blades
  1690 | D:3      | Reached XP level 6. HP: 57/57 MP: 5/5
  1727 | D:3      | Noticed Jessica
  1740 | D:3      | Killed Jessica
  1847 | D:3      | Reached ** piety under Trog
  1909 | D:3      | Found a glowing drain.
  1913 | Sewer    | Entered a sewer
  1943 | Sewer    | Reached skill level 3 in Armour
  2350 | D:3      | Found a runed translucent door.
  2351 | D:3      | Noticed Crazy Yiuf
  2408 | D:3      | Noticed Robin
  2420 | D:3      | Killed Robin
  2500 | D:3      | Found a faded altar of an unknown god.
  3101 | D:3      | Killed Crazy Yiuf
  3213 | D:4      | Reached XP level 7. HP: 63/63 MP: 6/6
  3265 | D:4      | Noticed Blork the orc
  3275 | D:4      | Killed Blork the orc
  3404 | D:4      | Found a bloodstained altar of Trog.
  3428 | D:4      | Found a runed translucent gate.
  3428 | D:4      | Found a runed translucent gate.
  3428 | D:4      | Found a runed translucent gate.
  3430 | D:4      | Noticed amavritansky's ghost (amateur PaFi)
  3486 | D:4      | Killed amavritansky's ghost
  3487 | D:4      | Reached skill level 4 in Armour
  3494 | D:4      | Reached XP level 8. HP: 16/71 MP: 7/7
  3689 | D:4      | Reached *** piety under Trog
  3690 | D:4      | Reached skill level 5 in Armour
  4071 | D:4      | Found an opulent altar of Gozag.
  4107 | D:5      | Entered Level 5 of the Dungeon
  4108 | D:5      | Noticed Menkaure
  4114 | D:5      | Killed Menkaure
  4620 | D:5      | Reached skill level 5 in Short Blades
  4658 | D:5      | Reached skill level 6 in Armour
  4662 | D:5      | Reached skill level 5 in Dodging
  4715 | D:5      | Noticed Grinder
  4723 | D:5      | Killed Grinder
  4724 | D:5      | Reached skill level 7 in Armour
  4834 | D:5      | Reached skill level 1 in Evocations
  5195 | D:5      | Reached XP level 9. HP: 70/79 MP: 8/8
  5322 | D:6      | Found a stormy altar of Qazlal.
  5451 | D:6      | Found a glowing golden altar of the Shining One.
  5451 | D:6      | Found a white marble altar of Elyvilon.
  5459 | D:6      | Found a burning altar of Makhleb.
  5461 | D:6      | Found a faded altar of an unknown god.
  5466 | D:6      | Found a sacrificial altar of Ru.
  5597 | D:6      | Reached skill level 8 in Armour
  5825 | D:6      | Noticed a two-headed ogre
  5836 | D:6      | Killed a two-headed ogre
  5837 | D:6      | Reached skill level 9 in Armour
  5837 | D:6      | Reached skill level 1 in Stealth
  6076 | D:6      | Found a staircase to the Ecumenical Temple.
  6763 | D:7      | Reached **** piety under Trog
  6887 | D:7      | Reached skill level 10 in Armour
  6943 | D:7      | Reached XP level 10. HP: 79/88 MP: 9/9
  7334 | D:8      | Found a runed translucent door.
  7336 | D:8      | Noticed Smersh616's ghost (novice GnWn)
  7338 | D:8      | Identified the +5 spear of Zin's Approval {venom, Will+
                  | Str+4}
  7358 | D:8      | Identified the +5 ring mail "Qehihy" {rF++ Str+4 SInv
                  | Stlth-}
  7624 | D:8      | Reached skill level 11 in Armour
  7824 | D:8      | Found a staircase to the Lair.
  8416 | Lair:1   | Entered Level 1 of the Lair of Beasts
  8454 | Lair:1   | Reached skill level 1 in Throwing
  8528 | Lair:1   | Identified the +1 ring mail "Ynumuate" {Regen+}
  8806 | Lair:1   | Noticed a black mamba
  8810 | Lair:1   | Killed a black mamba
  8811 | Lair:1   | Reached skill level 10 in Short Blades
  8811 | Lair:1   | Reached skill level 12 in Armour
  8811 | Lair:1   | Reached XP level 11. HP: 97/97 MP: 10/10
  9645 | Lair:2   | Noticed a catoblepas
  9782 | Lair:2   | Found a frozen archway.
  9791 | IceCv    | Entered an ice cave
 10134 | IceCv    | Reached skill level 10 in Fighting
 10279 | IceCv    | Identified the ring "Anket" {Fire rElec Int+4}
 10324 | IceCv    | Noticed a white draconian
 10448 | IceCv    | Killed a white draconian
 10487 | IceCv    | Identified the ring "Jidyeg" {rPois Dex+4}
 11031 | Lair:2   | Noticed Sonja
 11034 | Lair:2   | Killed Sonja
 11956 | Lair:3   | Reached skill level 13 in Armour
 11956 | Lair:3   | Reached XP level 12. HP: 108/108 MP: 11/11
 12180 | Lair:3   | Found a staircase to the Shoals.
 12256 | Shoals:1 | Entered Level 1 of the Shoals
 12256 | Shoals:1 | Noticed Aizul
 12275 | Shoals:1 | HP: 5/108 [poisoned by Aizul (poison arrow)]
 12275 | Shoals:1 | Killed from afar by Aizul

Illustrated notes

Levels and vault maps discovered:
D:1:      scummos_arrival_forest, layout_rooms
D:2:      layout_loops_ring, uniq_natasha
D:3:      layout_loops_corners, serial_rivers, chequers_serial_rivers_room_b,
          chequers_serial_rivers_micro_e, chequers_serial_rivers_large_a,
          chequers_serial_rivers_micro_c, ebering_ecumenical_altar_ruins,
          gup_sewer_entry_bowl, uniq_jessica, uniq_sigmund, uniq_robin,
          uniq_crazy_yiuf_cottage
D:4:      layout_rooms, grunt_gozag_breadcrumbs, nicolae_overflow_crystal_walls,
          gammafunk_ghost_nasty_kobolds, serial_glass, glass_columns_a,
          glass_columns_c, minmay_strange_pillars, due_unseen_surprise,
          dreamdust_princess_bridge, uniq_blork_the_orc
D:5:      layout_basic, columned_hall_lemuel, uniq_grinder, uniq_menkaure
D:6:      minmay_recursive_quarters, layout_gridville, grunt_qazlal_sundering,
          chequers_temple_overflow_minitemple, minmay_temple_entry_proselytizer
D:7:      layout_basic
D:8:      layout_basic, minmay_lair_entry_grove, ebering_ghost_funeral_grove,
          minmay_misc_feat_square, uniq_maggie
Lair:1:   layout_loops_ring
Lair:2:   layout_loops_ring, gauntlet_entry_generic,
          portal_ice_cave_entry_pillars_1, uniq_sonja
Lair:3:   layout_regular_city, minmay_shoals_entry_centaurs,
          minmay_snake_entry_six_corridors, infiniplex_staircase_pool
Shoals:1: layout_shoals, nicolae_shoals_flooded_hall, uniq_aizul

Skill      XL: |  1  2  3  4  5  6  7  8  9 10 11 |
---------------+----------------------------------+-----
Axes           | 4 5 6 |  6.2
Fighting       | 4 5 6 7 8 9 10 | 10.9
Dodging        | 3 4 5 6 7 |  7.6
Short Blades   | 1 2 4 5 8 10 11 | 11.7
Armour         | 3 4 7 10 12 13 | 13.1
Evocations     | 1 2 |  2.6
Stealth        | 1 2 |  2.3
Throwing       | 1 3 |  3.8

Action                   |  1- 3 |  4- 6 |  7- 9 | 10-12 || total
-------------------------+-------+-------+-------+-------++-------
Melee: Hand axe          |    48 |    19 |       |       ||    67
       Headbutt          |     6 |    33 |    88 |   201 ||   328
       Punch             |     1 |     1 |     5 |    16 ||    23
       Dagger            |       |    97 |       |       ||    97
       Short sword       |       |    52 |   408 |   786 ||  1246
Throw: Stone             |       |       |     4 |    46 ||    50
       Dart              |       |       |       |    12 ||    12
Invok: Berserk           |     2 |     4 |     6 |    20 ||    32
       Trog's Hand       |       |       |       |     1 ||     1
       Brothers in Arms  |       |       |       |     1 ||     1
Evoke: Wand              |       |       |     6 |    15 ||    21
  Use: Scroll            |       |       |     9 |    16 ||    25
       Potion            |       |       |     2 |     8 ||    10
 Stab: Distracted        |       |       |       |     1 ||     1
Armor: Animal skin       |     9 |    19 |       |       ||    28
       Chain mail        |       |    32 |   156 |   148 ||   336
       Leather armour    |       |     7 |       |       ||     7
       Skin              |       |       |       |    13 ||    13
       Ring mail         |       |       |       |   117 ||   117
Dodge: Dodged            |    34 |    85 |   173 |   313 ||   605
